 Dungeon Crawl Stone Soup version 0.24-a0-487-g57318f2ed0 (webtiles) character file.

Game seed: 1173385729441575866

217 345516895589 the Digger (level 5, -2/28 HPs)
             Began as a Gargoyle Earth Elementalist on July 10, 2019.
             Killed by divine providence
             ... invoked by an orc priest
              (9 damage)
             ... on level 4 of the Dungeon.
             The game lasted 00:14:51 (3337 turns).

345516895589 the Digger (GrEE)                      Turns: 3337, Time: 00:14:52

Health: -2/28      AC:  6    Str: 11    XL:     5   Next: 94%
Magic:  10/10      EV: 12    Int: 17    God:
Gold:   99         SH:  0    Dex: 10    Spells: 6/10 levels left

rFire    . . .     SeeInvis .   p - +0 whip (holy)
rCold    . . .     Gourm    .   (no shield)
rNeg     + . .     Faith    .   c - +0 robe
rPois    ∞         Spirit   .   (no helmet)
rElec    +         Reflect  .   (no cloak)
rCorr    .         Harm     .   (no gloves)
MR       .....                  (no boots)
Stlth    +.........             (no amulet)
HPRegen  0.09/turn              (no ring)
MPRegen  0.12/turn              (no ring)

@: very slow
A: negative energy resistance 1, electricity resistance, unbreathing,
petrification resistance, rot immunity, AC +4
a: no special abilities


You were on level 4 of the Dungeon.
You were hungry.

You visited 1 branch of the dungeon, and saw 4 of its levels.

You collected 99 gold pieces.

Inventory:

Hand Weapons
 p - a +0 whip of holy wrath (weapon)
Missiles
 b - 113 stones (quivered)
Armour
 c - a +0 robe (worn)
Jewellery
 g - an uncursed ring of see invisible {unknown}
Wands
 o - a wand of polymorph (7)
Scrolls
 e - 3 scrolls of remove curse {unknown}
 h - a scroll of enchant armour {unknown}
 i - a scroll of fear {unknown}
 k - a scroll of immolation {unknown}
 l - 3 scrolls of identify {unknown}
 m - a scroll of enchant weapon {unknown}
Potions
 a - 3 potions of curing {unknown}
 j - a potion of haste {unknown}
 n - a potion of heal wounds {unknown}
Comestibles
 d - 8 rations
 f - 4 chunks of flesh


   Skills:
 - Level 1.7 Dodging
 - Level 2.4 Stealth
 + Level 3.4 Spellcasting
   Level 0.7 Transmutations
 * Level 6.5 Earth Magic


You had 6 spell levels left.
You knew the following spells:

 Your Spells              Type           Power        Failure   Level  Hunger
a - Sandblast             Erth           ####..       1%          1    None
b - Stone Arrow           Conj/Erth      ##....       13%         3    ###....

Your spell library contained the following spells:

 Spells                   Type           Power        Failure   Level  Hunger
 Passwall                 Tmut/Erth      ###.....     6%          2    ##.....
 Lee's Rapid Deconstruct  Erth           ####......   32%         5    ######.
 Petrify                  Tmut/Erth      ###.....     36%         4    ####...


Dungeon Overview and Level Annotations

Branches:
Dungeon (4/15)
 Temple: D:4-7

Altars:
Uskayaw
The Shining One

Annotations:
D:3 Grinder
D:4 1 transporter


Innate Abilities, Weirdness & Mutations

You are resistant to torment.
Your stone body is resilient. (AC +4)
You are immune to poison.
You resist negative energy. (rN+)
You are resistant to electric shocks. (rElec)
You can survive without breathing.
You are immune to petrification.
You are immune to rotting.


Message History

The ufetubus hits you but does no damage.
The shadow imp lashes its tail.
The ufetubus hits you but does no damage.
The ufetubus misses you.
You barely miss the ufetubus.
The ufetubus disappears in a puff of smoke!
The shadow imp laughs crazily.
There is an open door here.
The shadow imp grinds its teeth.
The orc priest looks satisfied for a moment.
You enter the shallow water.
Moving in this stuff is going to be slow.
The shadow imp gestures at you. Pain shoots through your body!
* * * LOW HITPOINT WARNING * * *
The kobold demonologist gestures wildly while chanting.
Your unstable footing causes you to fumble your attack.
The orc priest mumbles some strange prayers to Beogh against you.
Beogh smites you!
You die...

##.##
#.....©.....##...##
###.# #.#########.# .###
#...# #.#8P$©$P8#.# #
#.### #.#≈..?..≈#.#
#.########.####+####.#
#.#.....##.#.≈...≈.#.#
#.#.###.##.#.≈...≈.#.#
#.....#.##.#.≈PP≈≈.#.#
###.#.#.##.#5≈@⌠P≈5#l# #
#.....##.#5≈≈≈≈55#.##.#
###.####.#.≈..5≈5#....#
#.# #.#o≈...≈K#.#..# #.#
#.####'####.#..# #.#
#.#P.....P#.# .# #.#
#.#8P.©.P8#.# .# #.#
#.#########.#..###
#.####.....©............


You could see a kobold demonologist, an orc priest, 2 crimson imps, a white imp,
4 shadow imps and a leopard gecko.

Vanquished Creatures
  An orc priest (D:4)
  Jessica (D:2)
  2 gnolls (D:2)
  4 adders
  2 oozes
  3 dart slugs
  3 leopard geckos
  14 orcs
  6 giant cockroaches
  9 goblins
  5 hobgoblins
  6 kobolds
  6 bats
  7 frilled lizards
  7 rats
76 creatures vanquished.

Notes
Turn   | Place    | Note
-------+----------+-------------------------------------------
     0 | D:1      | 345516895589 the Gargoyle Earth Elementalist began the
                  | quest for the Orb.
     0 | D:1      | Reached XP level 1. HP: 10/10 MP: 3/3
   207 | D:1      | Reached XP level 2. HP: 15/15 MP: 0/5
   391 | D:1      | Reached skill level 4 in Earth Magic
   647 | D:1      | Reached XP level 3. HP: 19/19 MP: 2/6
   652 | D:1      | Learned a level 3 spell: Stone Arrow
   973 | D:2      | Noticed Jessica
   975 | D:2      | Killed Jessica
  1142 | D:2      | Reached skill level 5 in Earth Magic
  1142 | D:2      | Reached XP level 4. HP: 24/24 MP: 1/8
  1898 | D:2      | Reached XP level 5. HP: 28/28 MP: 3/9
  2400 | D:3      | Reached skill level 6 in Earth Magic
  2810 | D:3      | Found a glowing golden altar of the Shining One.
  2814 | D:3      | Found a hide-covered altar of Uskayaw.
  2816 | D:3      | Noticed Grinder
  3145 | D:4      | Found a transporter.
  3251 | D:4      | Found a transporter.
  3285 | D:4      | Noticed a kobold demonologist
  3337 | D:4      | Killed from afar by an orc priest

Levels and vault maps discovered:
D:1:      dpeg_arrival_castle, layout_loops_corners
D:2:      layout_loops_ring, first_ration, uniq_jessica
D:3:      layout_loops_corners, grunt_temple_overflow_open,
          minmay_misc_feat_encased, uniq_grinder
D:4:      gammafunk_wand_slinger, layout_loops_ring, kennysheep_mini_moat

Skill      XL: |  1  2  3  4  5 |
---------------+----------------+-----
Earth Magic    | 4 5 6 |  6.5
Spellcasting   | 3 |  3.4
Dodging        | |  1.7
Stealth        | |  2.4
Transmutations | |  0.7

Action                   |  1- 3 |  4- 6 || total
-------------------------+-------+-------++-------
Melee: Whip              |     1 |    32 ||    33
 Cast: Sandblast         |    27 |    42 ||    69
       Stone Arrow       |     3 |    28 ||    31
Evoke: Wand              |       |     1 ||     1
  Eat: Chunk             |     2 |     9 ||    11
Armor: Robe              |       |    17 ||    17
Dodge: Dodged            |     2 |    34 ||    36

Table legend:
 A = Non-vault XP
 B = Vault XP
 C = Vault XP percentage of total XP
 D = Non-vault monster count
 E = Vault monster count
 F = Vault count percentage of total count
                 A         B        C        D         E       F
            +---------+---------+-------+---------+---------+-------
      Total |     273 |      37 |  11.9 |      75 |       1 |   1.3
            +---------+---------+-------+---------+---------+-------
        D:1 |      39 |       0 |   0.0 |      20 |       0 |   0.0
        D:2 |     109 |      37 |  25.3 |      29 |       1 |   3.3
        D:3 |      55 |       0 |   0.0 |      15 |       0 |   0.0
        D:4 |      70 |       0 |   0.0 |      11 |       0 |   0.0
            +---------+---------+-------+---------+---------+-------
